 Dungeon Crawl Stone Soup version 0.28-a0-1555-g9ae15a6949 (webtiles) character file.

Game seed: 16446925779738772097

130 flotson the Chopper (level 4, -5/35 HPs)
             Began as a Demonspawn Gladiator on Jan 19, 2022.
             Killed from afar by Sigmund (8 damage)
             ... with a puff of flame
             ... on level 3 of the Dungeon.
             The game lasted 00:03:58 (2922 turns).

flotson the Chopper (Demonspawn Gladiator)          Turns: 2922, Time: 00:03:59

Health: -5/35      AC:  8    Str: 16    XL:     4   Next: 90%
Magic:  4/4        EV: 12    Int:  9    God:
Gold:   37         SH:  0    Dex: 15    Spells: 3/3 levels left

rFire   . . .      SeeInvis .   a - +0 trident
rCold   . . .      Faith    .   (no shield)
rNeg    . . .      Spirit   .   x - +0 ring mail
rPois   .          Reflect  .   c - +0 helmet
rElec   .          Harm     .   (no cloak)
rCorr   .          Rampage  .   (no gloves)
Will    .....                   k - +0 pair of boots
Stlth   +.........              s - amulet of the acrobat
HPRegen 0.11/turn               (no ring)
MPRegen 0.09/turn               (no ring)

@: no status effects
A: claws 1, rugged brown scales 1
a: no special abilities


You were on level 3 of the Dungeon.
You visited 1 branch of the dungeon, and saw 3 of its levels.

You collected 37 gold pieces.

Inventory:

Hand Weapons
 a - a +0 trident (weapon)
 b - a +0 hunting sling
 t - a +0 war axe
Missiles
 d - a throwing net (quivered)
 u - 13 sling bullets
Armour
 c - a +0 helmet (worn)
 k - a +0 pair of boots (worn)
 x - a +0 ring mail (worn)
Jewellery
 s - an amulet of the acrobat (around neck)
Wands
 r - a wand of polymorph (5)
 v - a wand of paralysis (2)
Scrolls
 e - 4 scrolls of identify {unknown}
 g - a scroll of magic mapping {unknown}
 i - a scroll of enchant armour {unknown}
 m - a scroll of teleportation {unknown}
 n - a scroll of acquirement {unknown}
Potions
 h - a potion of brilliance {unknown}
 j - a potion of haste {unknown}
 l - 2 potions of lignification {unknown}
 o - a potion of curing {unknown}
 p - 2 potions of magic {unknown}
 q - 2 potions of resistance {unknown}
 w - a potion of might {unknown}


   Skills:
 + Level 2.8 Fighting
 + Level 3.2 Axes
 + Level 2.5 Throwing
 + Level 1.4 Armour
 + Level 3.2 Dodging
 + Level 1.1 Evocations


You had 3 spell levels left.
You didn't know any spells.
Your spell library contained the following spells:

 Spells                   Type           Power      Damage    Failure   Level
 Scorch                   Fire           0%         2d5       75%         2
 Flame Wave               Conj/Fire      0%         2d4       100%        4
 Summon Cactus Giant      Summ           0%         N/A       100%        6


Dungeon Overview and Level Annotations

Branches:
Dungeon (3/15)

Altars:

Annotations:
D:3 1 transporter, AigisTheKnight's ghost, weakling NaWr; Sigmund


Innate Abilities, Weirdness & Mutations

You have sharp fingernails.
You are partially covered in rugged brown scales. (AC +1, +3% HP)


Message History

A puff of flame appears from out of thin air!
The puff of flame misses you.
Something tries to affect you, but you resist.
a - a +0 trident (weapon)
Something barely misses you.
You hear some strange, mumbled words.
You are confused.
You bump into the rock wall.
You hear a zap.
A puff of flame appears from out of thin air!
The puff of flame hits you!
You bump into the rock wall.
Something hits you!
You bump into the rock wall.
Sigmund appears from thin air!
Reactivating autopickup.
You bump into the rock wall.
Sigmund barely misses you.
You bump into the rock wall.
Sigmund mumbles some strange words.
Sigmund flickers and vanishes!
Deactivating autopickup; reactivate with Ctrl-A.
You bump into the rock wall.
Something hits you but does no damage.
You bump into the rock wall.
You feel less confused.
You hit something but do no damage. Something hits you!
You closely miss something. Something hits you!
* * * LOW HITPOINT WARNING * * *
Throw: throwing net
Press: ? - help, Q - select action, (/) - cycle Shift-Dir - straight line, f - you Really target yourself?
Okay, then.
Unknown command.
Okay, then.
Okay, then.
You barely miss something. Something hits you.
* * * LOW HITPOINT WARNING * * *
You closely miss something. You miss something.
You hear some strange, mumbled words.
A puff of flame appears from out of thin air!
The puff of flame hits you!
You die...

#........####### #.
#.[.#.##.......# #.
#.....)..# ###.### #.
#.###.####.###.....#####'
#..................##....
####.#.######.....##....
..#..#####.....##.<..
####{##....######....
#@##....# ####. #.##....#
#. #.##....# #. #.......#
## #....#### #....#
#.#### #(# #..


There were no monsters in sight!

Vanquished Creatures
  Ijyb (D:3)
  4 adders (D:2)
  3 worms
  4 dart slugs
  5 bats
  4 endoplasms (D:2)
  3 giant cockroaches
  5 goblins
  7 hobgoblins
  2 quokkas
  7 ball pythons
  2 frilled lizards
  A kobold (D:3)
  5 rats
53 creatures vanquished.

Notes
Turn   | Place    | Note
-------+----------+-------------------------------------------
     0 | D:1      | flotson the Demonspawn Gladiator began the quest for the
                  | Orb.
     0 | D:1      | Reached XP level 1. HP: 16/16 MP: 1/1
   445 | D:1      | Gained mutation: You are partially covered in rugged brown
                  | scales. (AC +1, +3% HP) [demonic ancestry]
   445 | D:1      | Reached XP level 2. HP: 15/22 MP: 2/2
  1442 | D:2      | HP: 1/22 [adder (2)]
  1448 | D:2      | Reached XP level 3. HP: 2/28 MP: 3/3
  1763 | D:2      | Reached skill level 1 in Armour
  1984 | D:2      | Gained mutation: You have sharp fingernails. [demonic
                  | ancestry]
  1984 | D:2      | Reached XP level 4. HP: 30/35 MP: 4/4
  2479 | D:3      | Noticed Ijyb
  2488 | D:3      | Paralysed by Ijyb for 5 turns
  2498 | D:3      | Paralysed by Ijyb for 3 turns
  2507 | D:3      | Killed Ijyb
  2508 | D:3      | Reached skill level 1 in Evocations
  2777 | D:3      | Found a faded altar of an unknown god.
  2832 | D:3      | Found a transporter.
  2837 | D:3      | Noticed AigisTheKnight's ghost (weakling NaWr)
  2876 | D:3      | Noticed Sigmund
  2922 | D:3      | Killed from afar by Sigmund

Illustrated notes

Levels and vault maps discovered:
D:1:      mrwooster_arrival_statue_3, layout_basic
D:2:      layout_basic
D:3:      layout_basic, gammafunk_ghost_arena,
          shapermc_ecumenical_altar_mp_vishouse, uniq_sigmund, uniq_ijyb

Skill      XL: |  1  2  3  4 |
---------------+-------------+-----
Throwing       | 2 |  2.5
Axes           | 3 |  3.2
Dodging        | 3 |  3.2
Armour         | 1 |  1.4
Evocations     | 1 |  1.1
Fighting       | |  2.8

Action                   |  1- 3 |  4- 6 || total
-------------------------+-------+-------++-------
Melee: Trident           |   115 |    74 ||   189
       War axe           |     3 |       ||     3
       Punch             |     2 |     3 ||     5
 Fire: Hunting sling     |       |    18 ||    18
Throw: Throwing net      |     3 |     2 ||     5
 Stab: Sleeping          |     1 |       ||     1
       Held in net/web   |     1 |       ||     1
Armor: Leather armour    |    60 |    14 ||    74
       Ring mail         |       |     1 ||     1
Dodge: Dodged            |    73 |    33 ||   106

Table legend: (Time is in decaauts)
 A = Elapsed time spent in this place.
 B = Non-inter-level travel time spent in this place.
 C = Inter-level travel time spent in this place.
 D = Time resting spent in this place.
 E = Time spent auto-exploring this place.
 F = Levels seen in this place.
 G = Mean time per level.
                   A        B        C        D        E       F      G
               +--------+--------+--------+--------+--------+-----+--------+
         Total |   2961 |   2837 |    124 |      0 |   2345 |   3 |  987.0 |
       Dungeon |   2961 |   2837 |    124 |      0 |   2345 |   3 |  987.0 |
               +--------+--------+--------+--------+--------+-----+--------+

Top non-repeatable levels by time:
     D:1: 1277 daAuts
     D:2: 1194 daAuts
     D:3: 489 daAuts
